Unix NetHack Version 5.0.0-0 post-release - last build May 22 2026 02:22:16 (99d1c3b6dc4b13757aaa5824b55bdea4e1e63757,branch:main).

Game began 2026-05-22 05:49:35, ended 2026-05-22 08:57:31.

FutureTim, lawful female human Valkyrie

        ------           ---------         ---------         ---------
     ---.....   --     ---.......---     ---.......---     ---.......---
    --......    .--   --...........--   --...........--   --...........--
   --.......   ...-- --.............-- --.............-- --.............--
   |.....#.........| |.............o.| |...............| |...............|
  --........n...... --...............---...............---...............--
  |................ |...~.............|.................|.................|
  |....... #.............w...#....o..g.....@...#.........N.......#........|
  |................................ooo.:..................................|
  |......#.{....................o......'....'.[..................{.#.(....|
  |......................................x..o.............................|
  |........#.................#..?....e....s....#.................#........|
  |................"|.................|..@B.....nd.@....|.................|
  --...............---...............---...............---...............--
   |..<=..^........| |...............| |............l..| |...............|
   --.............-- --.............-- --.............-- --.............--
    --...........--   --...........--   --...........--   --...........--
     ---.......---     ---.......---     ---.......---     ---.......---
       ---------         ---------         ---------         ---------

FutureTim the Fighter       St:17 Dx:10 Co:18 In:9 Wi:10 Ch:8  Lawful
Dlvl:11 $:252 HP:0(83) Pw:10(10) AC:-1 Xp:9 T:10048  Burdened

Latest messages:
 The newt is killed by the blast of frost!
 The blast of frost whizzes by you!
 The Grey-elf drinks a purple-red potion!
 Suddenly you cannot see the Grey-elf.
 The red naga is caught in a spider web.
 The Grey-elf shoots 4 elven arrows!
 The 1st elven arrow hits the red naga!
 The 2nd elven arrow misses the red naga.
 The 2nd elven arrow misses you.
 The 3rd elven arrow misses the red naga.
 The 3rd elven arrow misses you.
 The 4th elven arrow hits the red naga!
 It hurls an effervescent potion!
 The phial crashes on your head and breaks into shards.
 The effervescent potion evaporates.
 You feel somewhat dizzy.
 Call an effervescent potion: 
 The xan pricks through your right boot!
 Your movements are slowed slightly because of your load.
 The Grey-elf shoots 2 elven arrows!
 You are hit by the 1st elven arrow!
 Valkyrie, your life force is running out.
 The 2nd elven arrow misses you.
 The xan scratches your left boot!
 What do you want to zap? [stBGT or ?*] t
 In what direction? .
 You materialize in a different location!
 The Uruk-hai hurls a cyan potion!
 The cyan potion misses the Uruk-hai.
 The vial crashes on your head and breaks into shards.
 The cyan potion evaporates.
 You yawn.
 The Uruk-hai wields an aklys!
 The Uruk-hai secures the tether on the aklys.
 You feel less confused now.
 The Uruk-hai wields an orcish bow!
 The Uruk-hai throws an aklys!
 The aklys misses the Uruk-hai.
 You are almost hit by an aklys.
 The aklys returns to the Uruk-hai's hand!
 What do you want to zap? [stBGT or ?*] t
 In what direction? .
 You materialize in a different location!
 The orc-captain wields an orcish short sword!
 The giant bat misses!
 The giant bat misses!
 The giant spider bites!
 The giant bat bites!
 You die...
 Do you want your possessions identified? [ynq] (y) q

Inventory:
 Coins    ('$')
  $ - 252 gold pieces
 Weapons  (')')
  P - 8 blessed +0 arrows (in quiver)
  S - 10 blessed +0 silver arrows
  b - a blessed +0 dagger
  a - a thoroughly corroded +0 two-handed sword (weapon in hands)
 Armor    ('[')
  n - an uncursed +0 orcish helm (being worn)
  p - an uncursed +0 pair of leather gloves (being worn)
  N - an uncursed rusty +0 pair of iron shoes (being worn)
  c - an uncursed +3 small shield
  o - an uncursed +0 leather cloak (being worn)
  l - an uncursed +1 dwarvish mithril-coat (being worn)
 Comestibles  ('%')
  d - 3 uncursed food rations
  M - an uncursed tin of candied kobold meat
  w - an uncursed tin of candied stone giant meat
 Scrolls  ('?')
  k - 2 uncursed scrolls of confuse monster
  m - an uncursed scroll of create monster
  F - a cursed scroll of enchant armor
  H - 2 uncursed scrolls of enchant weapon
  U - a blessed scroll of fire
  r - an uncursed scroll of light
  q - an uncursed scroll of magic mapping
  h - an uncursed scroll of taming
  L - 2 uncursed scrolls of teleportation
 Potions  ('!')
  W - an uncursed potion of gain energy
  g - 2 uncursed potions of healing
  x - a blessed potion of levitation
  C - an uncursed potion of levitation
  J - an uncursed potion of oil
  R - an uncursed potion of restore ability
  Y - 2 uncursed potions of speed
  V - an uncursed potion of water
 Rings    ('=')
  v - an uncursed ring of free action (on right hand)
  Z - an uncursed +0 ring of protection
  A - an uncursed ring of stealth (on left hand)
 Wands    ('/')
  G - a wand of magic missile (0:2)
  s - a wand of make invisible (0:7)
  T - a wand of sleep (0:5)
  B - a wand of striking (0:0)
  t - a wand of teleportation (0:2)
 Tools    ('(')
  e - an uncursed tooled horn
  j - an uncursed lock pick
  D - an uncursed lock pick
  u - an uncursed magic whistle
  X - an uncursed mirror
  E - an uncursed oil lamp
  O - an uncursed towel

FutureTim the Valkyrie's attributes:

Background:
 You were a Fighter, a level 9 human Valkyrie.
 You were lawful, on a mission for Tyr
 who was opposed by Odin (neutral) and Loki (chaotic).
 You were right-handed.
 You were in the Dungeons of Doom, on level 11, a very big room.
 You entered the dungeon 10048 turns ago.
 You had 4601 experience points, 519 more were needed to attain level 10.

Basics:
 You had 0 out of 83 hit points.
 You had all 10 energy points (spell power).
 Your armor class was -1.
 Your wallet contained 252 zorkmids.
 Autopickup was off.

Final Characteristics:
 Your strength was 17 (peak:18/04, limit:18/100).
 Your dexterity was 10 (base:11, limit:18).
 Your constitution was 18 (limit:18).
 Your intelligence was 9 (limit:18).
 Your wisdom was 10 (limit:18).
 Your charisma was 8 (limit:18).

Final Status:
 You had a wounded right leg.
 You weren't hungry.
 You were burdened; movement was slightly slowed.
 You were wielding a two-handed sword.
 You were skilled in two-handed sword.

Final Attributes:
 You were piously aligned.
 You were cold resistant.
 You were telepathic.
 You were stealthy.
 You were guarded.
 Your spell casting was impaired by metallic armor.
 You were fast.
 You had free action.
 You are dead.

Miscellaneous:
 You didn't encounter any bones levels.
 Total elapsed playing time was 3 hours, 2 minutes and 55 seconds.

Major events:
 Turn
    1: FutureTim the lawful human Valkyrie entered the dungeon
  617: attained the rank of Skirmisher (level 3)
 1066: entered the Gnomish Mines
 1981: attained the rank of Fighter (level 6)
 3146: reached Mine Town
 8202: consulted the Oracle
 8750: entered Sokoban
 9238: entered the Bigroom
10048: killed by a giant bat

Spells:
 Name                 Level Category     Fail Retention
 healing                1   healing      100%   51%-75%

Skills:
 Fighting Skills
   bare handed combat [Unskilled]
   two weapon combat  [Unskilled]
   riding             [Unskilled]
 Weapon Skills
   dagger             [Basic]
   axe                [Unskilled]
   pick-axe           [Unskilled]
   short sword        [Unskilled]
   broadsword         [Unskilled]
   long sword         [Unskilled]
   two-handed sword   [Skilled]
   saber              [Unskilled]
   hammer             [Unskilled]
   quarterstaff       [Unskilled]
   polearms           [Unskilled]
   spear              [Expert]
   trident            [Unskilled]
   lance              [Unskilled]
   sling              [Unskilled]
 Spellcasting Skills
   attack spells      [Unskilled]
   escape spells      [Unskilled]

Voluntary challenges:
 Character rerolling was not enabled.
 You never genocided any monsters.
 You never polymorphed an object.
 You never changed form.
 You used no wishes.
 You did not violate any of the special Sokoban rules.
Achievements:
 You attained the rank of Skirmisher.
 You entered the Gnomish Mines.
 You attained the rank of Fighter.
 You entered Minetown.
 You entered a temple.
 You entered a shop.
 You consulted the Oracle of Delphi.
 You entered Sokoban.
 You entered the Big Room.

 The Dungeons of Doom: levels 1 to 11
    Level 1:
    Level 2:
       A fountain.
    Level 3:
       Some fountains.
       Stairs down to The Gnomish Mines.
    Level 4:
       An altar.
    Level 5:
       A fountain.
    Level 6:
    Level 7:
       Many fountains.
       Oracle of Delphi.
    Level 8:
       Stairs up to Sokoban, level 7.
    Level 9:
    Level 10:
       A grave.
    Level 11: <- You were here.
       Some fountains, many trees.
       A very big room.
       Final resting place for
          you, killed by a giant bat.
 The Gnomish Mines: levels 4 to 12
    Level 4:
    Level 5:
    Level 6:
    Level 7:
       Some shops, a temple and an altar to Tyr, some fountains, a sink.
    Level 8:
    Level 9:
    Level 10:
    Level 11:
    Level 12:
 Sokoban:
    Level 7:
       Unsolved.


Vanquished creatures:
  a winter wolf
  a small mimic
  a xan
 an ogre leader
  a gelatinous cube
  a large dog
  a freezing sphere
  2 tengu
  2 ochre jellies
 an elf mummy
  2 human mummies
  a carnivorous ape
 an ettin zombie
  a chameleon
  a crocodile
  a giant beetle
  4 wolves
  2 panthers
  a gremlin
  2 spotted jellies
  2 giant spiders
  2 horses
  a baby long worm
  a black light
  a vampire bat
  4 gnome rulers
 an ogre
 an owlbear
  a yeti
  3 lizards
  a dingo
  a blue jelly
  3 dust vortices
  a raven
  a plains centaur
  a snake
  8 apes
  a human zombie
  5 Woodland-elves
 an imp
  a quasit
  a water nymph
  a mountain nymph
  6 Uruk-hai
  2 rock piercers
  4 rock moles
  a pony
  3 yellow lights
  a shrieker
 17 gnome leaders
  7 gnomish wizards
  a kobold mummy
  2 gray oozes
 an elf zombie
  a straw golem
  5 giant ants
  a little dog
  3 floating eyes
  a dwarf
  2 homunculi
  a centipede
  a giant bat
  4 monkeys
  4 dwarf zombies
  a werejackal
  4 iguanas
 an acid blob
  5 coyotes
  2 gas spores
  4 hobbits
  5 manes
  a large kobold
  3 hobgoblins
  a giant rat
  2 cave spiders
  a brown mold
  3 yellow molds
  2 green molds
  2 red molds
 66 gnomes
  4 geckos
  7 jackals
  a kobold
  5 goblins
  8 grid bugs
  a bat
  5 lichens
 10 newts
283 creatures vanquished.

No species were genocided or became extinct.

Game over:
                       ----------
                      /          \
                     /    REST    \
                    /      IN      \
                   /     PEACE      \
                  /                  \
                  |    FutureTim     |
                  |      252 Au      |
                  |   killed by a    |
                  |    giant bat     |
                  |                  |
                  |                  |
                  |       2026       |
                 *|     *  *  *      | *
        _________)/\\_//(\/(/\)/\//\/|_)_______

Farvel FutureTim the Valkyrie...

You died in The Dungeons of Doom on dungeon level 11 with 19212 points,
and 252 pieces of gold, after 10048 moves.
You were level 9 with a maximum of 83 hit points when you died.

